 Dungeon Sprint DCSS version 0.21-a0-201-g8501b10 (webtiles) character file.

3718 Kidiri the Thaumaturge (level 9, -3/56 HPs)
             Began as a Deep Elf Fire Elementalist on Aug 18, 2017.
             Was the Champion of Vehumet.
             Slain by Urug
             ... wielding a +1 eveningstar
              (23 damage)
             ... in the Dungeon (Sprint VII: "The Pits").
             The game lasted 00:08:28 (1401 turns).

Kidiri the Thaumaturge (Deep Elf Fire Elementalist) Turns: 1401, Time: 00:08:29

Health: -3/56      AC:  9    Str:  7    XL:     9   Next: 92%
Magic:  29/29      EV: 19    Int: 24    God:    Vehumet [******]
Gold:   0          SH:  0    Dex: 15    Spells: 6/36 levels left

rFire    . . .     SeeInvis .   r - +2 dagger (drain)
rCold    . . .     Gourm    .   (no shield)
rNeg     . . .     Faith    .   a - +0 robe
rPois    .         Spirit   .   (no helmet)
rElec    .         Reflect  .   u - +0 cloak
rCorr    .         Harm     .   (no gloves)
MR       .....     NoTele   +   (no boots)
Stlth    ++........             (no amulet)
HPRegen  0.18/turn              q - +3 ring of protection
MPRegen  0.21/turn              s - +3 ring of protection

@: no status effects
A: hooves 2, strong 1, MP-powered wands
a: Renounce Religion


You were in the Dungeon.
You worshipped Vehumet.
Vehumet was exalted by your worship.
You were completely stuffed.

You visited 1 branch

Inventory:

Hand Weapons
 r - a +2 dagger of draining (weapon)
Armour
 a - a +0 robe (worn)
 j - a +1 buckler of reflection
 u - a +0 cloak (worn)
Jewellery
 q - a +3 ring of protection (left hand)
 s - a +3 ring of protection (right hand)
Scrolls
 l - 3 scrolls of remove curse
 m - 5 scrolls of amnesia
 n - a scroll of summoning
Potions
 d - 5 potions of curing
 e - 9 potions of heal wounds
 f - 2 potions of haste
 g - 2 potions of magic
 h - 5 potions of berserk rage
 i - a potion of might {unknown}
 k - 2 potions of invisibility
 t - a potion of brilliance
Books
 b - a book of Flames

   Spells                             Type                      Level
   a - Flame Tongue                   Conjuration/Fire             1
   b - Throw Flame                    Conjuration/Fire             2
   c - Conjure Flame                  Conjuration/Fire             3
   d - Inner Flame                    Hexes/Fire                   3
   e - Sticky Flame                   Conjuration/Fire             4
   f - Fireball                       Conjuration/Fire             5
Comestibles
 c - 8 bread rations
 o - 28 fruits
 p - 7 meat rations


   Skills:
 + Level 6.5 Fighting
 + Level 7.8 Short Blades
 + Level 6.5 Armour
 + Level 9.6 Dodging
 - Level 2.4 Stealth
 + Level 0.4 Shields
 * Level 14.1 Spellcasting
 + Level 8.7 Conjurations
 + Level 9.3 Fire Magic
 + Level 0.4 Ice Magic
 + Level 4.8 Air Magic
 + Level 5.2 Poison Magic


You had 6 spell levels left.
You knew the following spells:

 Your Spells              Type           Power        Failure   Level  Hunger
a - Flame Tongue          Conj/Fire      #####        1%          1    None
b - Throw Flame           Conj/Fire      ######       1%          2    None
c - Conjure Flame         Conj/Fire      ######..     1%          3    None
d - Inner Flame           Hex/Fire       #####...     1%          3    None
e - Ignite Poison         Fire/Tmut/Pois #####...     1%          3    None
f - Sticky Flame          Conj/Fire      ######..     1%          4    None
g - Fireball              Conj/Fire      ######....   1%          5    ##.....
h - Static Discharge      Conj/Air       #####...     1%          3    None
i - Freezing Cloud        Conj/Ice/Air   #####.....   21%         6    #####..


Dungeon Overview and Level Annotations

Branches:
Dungeon (1/1)

Altars:
Ashenzari
Cheibriados
Dithmenos
Elyvilon
Fedhas
Gozag
Hepliaklqana
Kikubaaqudgha
Makhleb
Nemelex Xobeh
Okawaru
Qazlal
Ru
Sif Muna
Trog
Uskayaw
Vehumet
Wu Jian
Xom
Yredelemnul
Zin
The Shining One
Beogh
Jiyva
Lugonu

Annotations:
D Urug


Innate Abilities, Weirdness & Mutations

You have hoof-like feet.
Your muscles are strong. (Str +2)
You expend magic power (3 MP) to strengthen your wands.


Message History

The dream sheep is severely wounded.
The dream sheep is covered in liquid flames!
The dream sheep burns!
The dream sheep shake their wool and sparkle.
You feel drowsy...
You fall asleep.
A smoke demon comes into view.
The dream sheep burns!
You kill the dream sheep!
Vehumet accepts your kill.
You feel your power returning.
Urug hits you with an enchanted eveningstar!!!
You wake up.
Ouch! That really hurt!
* * * LOW HITPOINT WARNING * * *
You hear a bleat!
A fire bat comes into view.
Unknown command.
You feel much better.
The fire bat moves out of view.
Urug hits you with an enchanted eveningstar!!
You die...

...............+
...............+
.....#..#......#
...............#
##+#####''######
......##%'# #####
......##..# Y3.
......##).# #o#
..<...##).# ##@##
......##..# ##...##
......##..####.....#
......##...##......#
########....'......+
########...##......#
.#..[[##..####.....#
.#..[.##..# ##...##
.+..))##..# ##.##


You could see Urug, a smoke demon and a dream sheep.

Vanquished Creatures
  Erica (D)
  An unseen horror (D)
  2 hornets (D)
  A tyrant leech (D)
  A dream sheep (D)
  A spriggan (D)
  A tarantella (D)
  Eustachio (D)
  A fire bat (D)
  3 vampire mosquitoes (D)
  A floating eye (D)
  A porcupine (D)
  A necrophage (D)
  An ice beast (D)
  A sky beast (D)
  A centaur (D)
  A big kobold (D)
  A quasit (D)
  2 orc priests (D)
  An orc wizard (D)
  Jessica (D)
  A mummy (D)
  An ufetubus (D)
  An ooze (D)
  2 adder skeletons (D)
  An orc (D)
  A bat (D)
  A bat zombie (D)
  A giant cockroach (D)
  A goblin (D)
  A quokka (D)
  2 frilled lizards (D)
  A leopard gecko zombie (D)
  A rat (D)
40 creatures vanquished.

Notes
Turn   | Place    | Note
-------+----------+-------------------------------------------
     0 | D        | Kidiri the Deep Elf Fire Elementalist began the quest for the Orb.
     0 | D        | Reached XP level 1. HP: 10/10 MP: 6/6
    47 | D        | Found a bloodstained altar of Trog.
    47 | D        | Found a deep blue altar of Sif Muna.
    47 | D        | Found a viscous altar of Jiyva.
    47 | D        | Found a hazy altar of Hepliaklqana.
    47 | D        | Found an opulent altar of Gozag.
    48 | D        | Found a glowing golden altar of the Shining One.
    48 | D        | Found a glowing silver altar of Zin.
    48 | D        | Found a basalt altar of Yredelemnul.
    48 | D        | Found a shimmering altar of Xom.
    48 | D        | Found an ornate altar of the Wu Jian Council.
    48 | D        | Found a sacrificial altar of Ru.
    48 | D        | Found a stormy altar of Qazlal.
    48 | D        | Found an iron altar of Okawaru.
    48 | D        | Found a sparkling altar of Nemelex Xobeh.
    48 | D        | Found a burning altar of Makhleb.
    48 | D        | Found a blossoming altar of Fedhas.
    48 | D        | Found a white marble altar of Elyvilon.
    48 | D        | Found a shadowy altar of Dithmenos.
    48 | D        | Found a snail-covered altar of Cheibriados.
    50 | D        | Found a radiant altar of Vehumet.
    50 | D        | Found a corrupted altar of Lugonu.
    50 | D        | Found a roughly hewn altar of Beogh.
    51 | D        | Found a hide-covered altar of Uskayaw.
    51 | D        | Found an ancient bone altar of Kikubaaqudgha.
    51 | D        | Found a shattered altar of Ashenzari.
    58 | D        | Became a worshipper of Vehumet
    94 | D        | Reached * piety under Vehumet
    94 | D        | Offered knowledge of Magic Dart by Vehumet.
    94 | D        | Reached skill level 1 in Armour
   114 | D        | Reached skill level 1 in Fighting
   117 | D        | Reached XP level 2. HP: 16/16 MP: 5/8
   124 | D        | Learned a level 2 spell: Throw Flame
   144 | D        | Noticed Jessica
   154 | D        | Reached ** piety under Vehumet
   157 | D        | Killed Jessica
   157 | D        | Reached skill level 1 in Short Blades
   157 | D        | Reached skill level 5 in Spellcasting
   157 | D        | Reached XP level 3. HP: 16/21 MP: 4/11
   166 | D        | Learned a level 3 spell: Conjure Flame
   170 | D        | Learned a level 3 spell: Inner Flame
   251 | D        | Noticed an ice beast
   255 | D        | Offered knowledge of Sting by Vehumet.
   255 | D        | Reached *** piety under Vehumet
   258 | D        | Killed an ice beast
   258 | D        | Reached skill level 6 in Spellcasting
   258 | D        | Reached skill level 5 in Fire Magic
   258 | D        | Reached XP level 4. HP: 27/27 MP: 5/14
   264 | D        | Learned a level 4 spell: Sticky Flame
   320 | D        | Noticed a centaur
   320 | D        | Noticed a sky beast
   323 | D        | HP: 1/27 [centaur (2)]
   324 | D        | Killed a centaur
   324 | D        | Reached skill level 5 in Dodging
   324 | D        | Reached skill level 8 in Spellcasting
   324 | D        | Reached XP level 5. HP: 21/32 MP: 11/17
   334 | D        | Killed a sky beast
   334 | D        | Reached **** piety under Vehumet
   334 | D        | Reached skill level 9 in Spellcasting
   334 | D        | Reached skill level 5 in Conjurations
   334 | D        | Reached XP level 6. HP: 38/38 MP: 4/20
   359 | D        | Reached ***** piety under Vehumet
   373 | D        | Gained mutation: You tend to lose your temper in combat. [mutagenic meat]
   374 | D        | Gained mutation: You have large cloven feet. [mutagenic meat]
   375 | D        | Gained mutation: You have hoof-like feet. [mutagenic meat]
   376 | D        | Gained mutation: Your magical capacity is low. (-10% MP) [mutagenic meat]
   377 | D        | Gained mutation: You are frail. (-10% HP) [mutagenic meat]
   378 | D        | Lost mutation: You are frail. (-10% HP) [mutagenic meat]
   451 | D        | Learned a level 5 spell: Fireball
   451 | D        | Noticed a fire bat
   453 | D        | Killed a fire bat
   453 | D        | Offered knowledge of Ignite Poison by Vehumet.
   453 | D        | Reached skill level 5 in Short Blades
   453 | D        | Reached skill level 10 in Spellcasting
   453 | D        | Reached XP level 7. HP: 43/43 MP: 18/20
   458 | D        | Learned a level 3 spell: Ignite Poison
   465 | D        | Noticed a tarantella
   472 | D        | Killed a tarantella
   472 | D        | Offered knowledge of Force Lance by Vehumet.
   715 | D        | Paralysed by a floating eye for 4 turns
   716 | D        | Offered knowledge of Static Discharge by Vehumet.
   716 | D        | Reached skill level 11 in Spellcasting
   727 | D        | Reached skill level 5 in Fighting
   727 | D        | Reached skill level 5 in Armour
   789 | D        | Learned a level 3 spell: Static Discharge
   789 | D        | Noticed a tyrant leech
   789 | D        | Noticed Erica
   792 | D        | Offered knowledge of Ozocubu's Refrigeration by Vehumet.
   802 | D        | Killed a tyrant leech
   802 | D        | Reached skill level 1 in Air Magic
   802 | D        | Reached skill level 1 in Poison Magic
   802 | D        | Reached XP level 8. HP: 24/49 MP: 21/23
   802 | D        | Killed Erica
   802 | D        | Reached skill level 12 in Spellcasting
   872 | D        | Lost mutation: You have hoof-like feet. [potion of mutation]
   872 | D        | Lost mutation: You tend to lose your temper in combat. [potion of mutation]
   872 | D        | Lost mutation: Your magical capacity is low. (-10% MP) [potion of mutation]
   872 | D        | Gained mutation: You expend magic power (3 MP) to strengthen your wands. [potion of mutation]
   872 | D        | Gained mutation: You have hoof-like feet. [potion of mutation]
   872 | D        | Gained mutation: Your muscles are strong. (Str +2) [potion of mutation]
  1153 | D        | Noticed Eustachio
  1153 | D        | Noticed a hornet
  1153 | D        | Noticed a spriggan rider
  1154 | D        | Noticed an unseen horror
  1158 | D        | Killed an unseen horror
  1158 | D        | Reached skill level 13 in Spellcasting
  1158 | D        | Reached XP level 9. HP: 16/55 MP: 20/28
  1162 | D        | Reached ****** piety under Vehumet
  1168 | D        | Offered knowledge of Freezing Cloud by Vehumet.
  1171 | D        | Reached skill level 14 in Spellcasting
  1171 | D        | Reached skill level 5 in Poison Magic
  1173 | D        | Killed Eustachio
  1238 | D        | Learned a level 6 spell: Freezing Cloud
  1397 | D        | Noticed Urug
  1399 | D        | Noticed a smoke demon
  1401 | D        | Slain by Urug

Vault maps used:
D:        pitsprint

Skill      XL: |  1  2  3  4  5  6  7  8  9 |
---------------+----------------------------+-----
Armour         | 1 2 3 4 5 6 |  6.5
Dodging        | 3 4 5 6 7 9 |  9.6
Fighting       | 1 2 3 4 5 6 |  6.5
Short Blades   | 1 3 4 5 6 7 |  7.8
Spellcasting   | 5 6 8 9 10 11 13 14 | 14.1
Conjurations   | 2 3 4 5 6 8 |  8.7
Fire Magic     | 4 5 6 7 8 9 |  9.3
Air Magic      | 1 3 4 |  4.8
Poison Magic   | 1 4 5 |  5.2
Stealth        | |  2.4
Shields        | |  0.4
Ice Magic      | |  0.4

Action                   |  1- 3 |  4- 6 |  7- 9 || total
-------------------------+-------+-------+-------++-------
Melee: Dagger            |       |     3 |     2 ||     5
 Cast: Flame Tongue      |    20 |     6 |    16 ||    42
       Conjure Flame     |     1 |     1 |     5 ||     7
       Throw Flame       |     1 |       |       ||     1
       Sticky Flame      |       |     4 |    10 ||    14
       Fireball          |       |       |     8 ||     8
       Inner Flame       |       |       |     2 ||     2
       Ignite Poison     |       |       |     1 ||     1
  Use: Potion            |     1 |     2 |     5 ||     8
       Scroll            |       |       |     1 ||     1
 Stab: Sleeping          |       |     1 |       ||     1
  Eat: Chunk             |       |     6 |     1 ||     7
       Fruit             |       |       |    12 ||    12
Armor: Robe              |     1 |     1 |     8 ||    10
Dodge: Dodged            |     6 |     5 |    24 ||    35
